 Dungeon Crawl Stone Soup version 0.22-a0-305-gd21a89c (webtiles) character file.

552 Amnesiac the Slasher (level 7, 0/52 HPs)
             Began as a Mummy Fighter on Mar 31, 2018.
             Slain by a hound (3 damage)
             ... on level 5 of the Dungeon.
             The game lasted 00:07:11 (3760 turns).

Amnesiac the Slasher (Mummy Fighter)                Turns: 3760, Time: 00:07:12

Health: 0/52       AC: 14    Str: 21    XL:     7   Next: 8%
Magic:  7/7        EV:  3    Int:  7    God:
Gold:   114        SH:  9    Dex: 12    Spells: 6/6 levels left

rFire    x . .     SeeInvis .   a - +1 long sword
rCold    + . .     Gourm    .   c - +0 shield
rNeg     + + +     Faith    .   n - +0 plate armour
rPois    ∞         Spirit   .   g - +2 helmet
rElec    .         Reflect  .   (no cloak)
rCorr    +         Harm     .   (no gloves)
MR       .....                  (no boots)
Stlth    ..........             (no amulet)
HPRegen  0.17/turn              j - ring of resist corrosion
MPRegen  0.10/turn              (no ring)

@: no status effects
A: no food or potions, fire vulnerability, cold resistance 1, negative energy
resistance 3, torment resistance, unbreathing
a: no special abilities


You were on level 5 of the Dungeon.
You were not hungry.

You visited 1 branch of the dungeon, and saw 6 of its levels.

You collected 114 gold pieces.

Inventory:

Hand Weapons
 a - a +1 long sword (weapon)
Missiles
 e - 3 needles of sleeping
 k - 22 poisoned needles
Armour
 c - a +0 shield (worn)
 g - a +2 helmet (worn)
 n - a +0 plate armour (worn)
Jewellery
 j - a ring of resist corrosion (left hand)
Scrolls
 b - a scroll of enchant armour {!r}
 d - a scroll of amnesia {!r}
 f - a scroll of enchant weapon {!r}


   Skills:
 - Level 3.0 Fighting
 - Level 6.5 Long Blades
 - Level 2.4 Armour
 + Level 0.0 Dodging
 - Level 2.4 Shields


You had 6 spell levels left.
You didn't know any spells.

Dungeon Overview and Level Annotations

Branches:
Dungeon (6/15)
 Temple: D:4-7

Altars:
Cheibriados

Annotations:
D:2 Pikel
D:4 Natasha
D:5 Grinder


Innate Abilities, Weirdness & Mutations

You do not eat or drink.
Your flesh is vulnerable to fire.
You are immune to poison.
Your flesh is cold resistant. (rC+)
You are immune to negative energy. (rN+++)
You are immune to unholy pain and torment.
You can survive without breathing.


Message History

You resist with some effort. The jelly hits you but does no damage.
The jelly hits you but does no damage. The jelly hits you.
* * * LOW HITPOINT WARNING * * *
You are splashed with acid!
The acid burns!
You resist.
* * * LOW HITPOINT WARNING * * *
You can move again.
Grinder gestures at you.
You shrug off the repeated paralysis!
The frilled lizard hisses angrily.
The frilled lizard bites you but does no damage.
The frilled lizard bites you but does no damage.
An adder comes into view.
The adder hisses angrily.
You see here a war axe.
The frilled lizard bites you but does no damage.
Grinder blinks!
The jelly hits you but does no damage.
You see here a +0 helmet.
The adder bites you but does no damage.
Okay, then.
You aren't carrying any items that you can evoke.
Really read
l - a scroll of teleportation {!r}?
As you read the scroll of teleportation {!r}, it crumbles to dust.
You feel strangely unstable. The adder bites you but does no damage.
Grinder says, "You look like you could use a good racking."
You block the adder's attack.
You miss the adder. The adder bites you.
* * * LOW HITPOINT WARNING * * *
You barely miss the adder.
Your surroundings suddenly seem different.
The orc priest shouts!
A hound comes into view.
The hound barks!
The orc priest hits you but does no damage.
A worker ant comes into view.
Unknown command.
Okay, then.
The worker ant bites you but does no damage.
You block the orc priest's attack. The hound bites you.
* * * LOW HITPOINT WARNING * * *
The worker ant bites you but does no damage.
The hound bites you but does no damage. You block the orc priest's attack.
You block the worker ant's attack. The hound bites you but does no damage.
The hound completely misses you.
You riposte.
You hit the hound.
The hound is lightly wounded.
The orc priest hits you but does no damage.
You block the orc's attack. You block the hound's attack.
The worker ant bites you but does no damage.
You block the orc's attack. You block the hound's attack.
The hound bites you but does no damage.
Found a ration.
The hound bites you but does no damage. The hound bites you but does no damage.
The hound bites you.
* * * LOW HITPOINT WARNING * * *
The hound bites you.
* * * LOW HITPOINT WARNING * * *
The hound barely misses you. You block the hound's attack. The hound bites you.
You die...

#..#####......#
#..#####......# ...
#.%.o.##......# #.#
##.##.##......## ##.#
#.##o##.....%.#.##.##
#....o..##.##.#.....
####.#.o..a...)###.#
#.#.####h.....#.#
....#
#..@......########
##.#.#
##.......#...5...#
###.#
##.#....#.#####.# #.#
###....#.#####.# #.#
#).###.##....#
#.#######..#
#.......###
#.....>..l##
#.##.#5..(.
####...####
#.......### #...#
#.##.#.##


You could see a hound and a worker ant.

Vanquished Creatures
  2 slaves (D:4)
  An ogre (D:5)
  A centaur (D:5)
  A hound (D:3)
  An orc priest (D:4)
  3 orc wizards
  2 worker ants (D:6)
  A worker ant zombie (D:6)
  Robin (D:4)
  7 gnolls
  4 adders
  3 oozes (D:1)
  2 dart slugs
  3 leopard geckos
  13 orcs
  2 giant cockroaches
  7 hobgoblins
  A quokka (D:6)
  A ball python (D:3)
  3 bats
  A frilled lizard (D:1)
  7 goblins
  2 kobolds (D:1)
  3 rats
72 creatures vanquished.

Notes
Turn   | Place    | Note
-------+----------+-------------------------------------------
     0 | D:1      | Amnesiac the Mummy Fighter began the quest for the Orb.
     0 | D:1      | Reached XP level 1. HP: 18/18 MP: 1/1
    42 | D:1      | Reached skill level 2 in Long Blades
    55 | D:1      | Reached XP level 2. HP: 20/24 MP: 2/2
   181 | D:1      | Reached XP level 3. HP: 24/29 MP: 3/3
   306 | D:1      | Reached skill level 3 in Long Blades
   694 | D:4      | Reached XP level 4. HP: 17/35 MP: 4/4
   981 | D:4      | Noticed Pikel
   981 | D:4      | Noticed a slave
   981 | D:4      | Noticed a slave
   984 | D:4      | Noticed a slave
  1085 | D:3      | Reached skill level 4 in Long Blades
  1218 | D:1      | Reached XP level 5. HP: 11/41 MP: 5/5
  1603 | D:4      | Found a snail-covered altar of Cheibriados.
  1820 | D:4      | Noticed Robin
  1841 | D:4      | Killed Robin
  1981 | D:4      | Killed a slave
  2136 | D:4      | Noticed an orc warrior
  2305 | D:4      | Killed a slave
  2581 | D:4      | Reached skill level 5 in Long Blades
  2643 | D:4      | Noticed a slave
  2752 | D:5      | Entered Level 5 of the Dungeon
  2765 | D:4      | Noticed Natasha
  3032 | D:5      | Noticed a centaur
  3047 | D:5      | Killed a centaur
  3047 | D:5      | Reached XP level 6. HP: 20/47 MP: 6/6
  3554 | D:5      | Reached skill level 6 in Long Blades
  3581 | D:5      | Reached XP level 7. HP: 30/52 MP: 7/7
  3596 | D:5      | Noticed Grinder
  3598 | D:5      | Paralysed by Grinder for 2 turns
  3638 | D:5      | Paralysed by Grinder for 2 turns
  3686 | D:5      | Paralysed by Grinder for 6 turns
  3691 | D:5      | HP: 1/52 [acid (4)]
  3754 | D:5      | HP: 2/52 [hound (4)]
  3760 | D:5      | Slain by a hound

Vault maps used:
D:1:      erik_arrival_gehennom
D:2:      nicolae_dithmenos_through_a_glass_darkly, grunt_gozag_breadcrumbs,
          hex_intersection, uniq_sigmund
D:3:      lemuel_crystal_altar, makhleb_blood_cavern_becter, first_ration
D:4:      kennysheep_slug_shrine, uniq_robin, uniq_natasha, uniq_pikel
D:5:      uniq_grinder
D:6:      dancing_weapons_uskayaw, kennysheep_mini_moat,
          minmay_temple_entry_trees

Skill      XL: |  1  2  3  4  5  6 |
---------------+-------------------+-----
Long Blades    | 2 3 4 5 6 |  6.5
Fighting       | |  3.0
Armour         | |  2.4
Shields        | |  2.4

Action                   |  1- 3 |  4- 6 |  7- 9 || total
-------------------------+-------+-------+-------++-------
Melee: Long sword        |    89 |   250 |    39 ||   378
Throw: Throwing net      |       |       |     1 ||     1
  Use: Scroll            |       |     8 |     1 ||     9
Armor: Scale mail        |    26 |       |       ||    26
       Chain mail        |     2 |   160 |       ||   162
       Plate armour      |       |     8 |    36 ||    44
Dodge: Dodged            |    22 |    58 |     6 ||    86
Block: Shield            |    30 |   147 |    20 ||   197
       Rpst.: Long sword |     7 |    20 |     3 ||    30

Table legend:
 A = Spawn XP
 B = Non-spawn XP
 C = Spawn XP percentage of total XP
 D = Spawn monster count
 E = Non-spawn monster count
 F = Spawn count percentage of total count
 G = Total turns spent on level
                    A         B        C        D         E        F      G
               +---------+---------+-------+---------+---------+-------+---------
         Total |       0 |     789 |   0.0 |       0 |      70 |   0.0 |  3760
               +---------+---------+-------+---------+---------+-------+---------
           D:1 |       0 |      49 |   0.0 |       0 |      19 |   0.0 |   622
           D:2 |       0 |      16 |   0.0 |       0 |       4 |   0.0 |   209
           D:3 |       0 |      49 |   0.0 |       0 |       4 |   0.0 |   108
           D:4 |       0 |     207 |   0.0 |       0 |      21 |   0.0 |  1892
           D:5 |       0 |     376 |   0.0 |       0 |      15 |   0.0 |   542
           D:6 |       0 |      92 |   0.0 |       0 |       7 |   0.0 |   387
               +---------+---------+-------+---------+---------+-------+---------
